 Dungeon Crawl Stone Soup version 0.21.0-37-g46506fa5f3 (webtiles) character file.

314 Fascinator the Conjurer (level 6, -2/34 HPs)
             Began as a Deep Elf Conjurer on Feb 1, 2018.
             Slain by an adder (3 damage)
             ... on level 3 of the Dungeon.
             The game lasted 00:15:36 (5056 turns).

Fascinator the Conjurer (Deep Elf Conjurer)         Turns: 5056, Time: 00:15:37

Health: -2/34      AC:  2    Str:  5    XL:     6   Next: 19%
Magic:  4/14       EV: 14    Int: 27    God:
Gold:   159        SH:  0    Dex: 15    Spells: 6/14 levels left

rFire    . . .     SeeInvis .   j - -2 dagger (curse)
rCold    . . .     Gourm    .   (no shield)
rNeg     . . .     Faith    .   a - +0 robe
rPois    .         Spirit   .   (no helmet)
rElec    .         Reflect  .   (no cloak)
rCorr    .         Harm     .   (no gloves)
MR       .....                  (no boots)
Stlth    +++.......             (no amulet)
HPRegen  0.11/turn              (no ring)
MPRegen  0.14/turn              (no ring)

@: brilliant, lethally poisoned (-2 -> -7)
A: no striking features
a: no special abilities


You were on level 3 of the Dungeon.
You were not hungry.

You visited 1 branch of the dungeon, and saw 4 of its levels.

You collected 159 gold pieces.

Inventory:

Hand Weapons
 j - a cursed -2 dagger (weapon)
Armour
 a - a +0 robe (worn)
Jewellery
 e - an uncursed amulet of harm {unknown}
Wands
 h - a wand of polymorph (8)
 l - a wand of flame (16)
Scrolls
 d - 3 scrolls of identify {unknown}
 g - 3 scrolls of remove curse {unknown}
 n - a scroll of enchant weapon {unknown}
 p - a scroll of teleportation {unknown}
Potions
 f - a potion of heal wounds {unknown}
 i - a potion of cancellation {unknown}
 k - a potion of brilliance
 m - a potion of might {unknown}
 o - a potion of curing {unknown}
Books
 b - a book of Conjurations

   Spells                             Type                      Level
   a - Magic Dart                     Conjuration                  1
   b - Searing Ray                    Conjuration                  2
   c - Dazzling Spray                 Conjuration/Hexes            3
   d - Fulminant Prism                Conjuration/Hexes            4
   e - Force Lance                    Conjuration/Translocation    4
   f - Iskenderun's Mystic Blast      Conjuration                  4
Comestibles
 c - 4 rations


   Skills:
 + Level 1.6 Fighting
 + Level 3.7 Dodging
 + Level 4.0 Stealth
 + Level 4.5 Spellcasting
 * Level 5.8 Conjurations
 + Level 1.9 Hexes


You had 6 spell levels left.
You knew the following spells:

 Your Spells              Type           Power        Failure   Level  Hunger
a - Magic Dart            Conj           ####         1%          1    None
b - Dazzling Spray        Conj/Hex       #####.       1%          3    ##.....
c - Iskenderun's Mystic   Conj           ######..     1%          4    ####...


Dungeon Overview and Level Annotations

Branches:
Dungeon (4/15)
 Temple: D:4-7

Altars:

Annotations:
D:4 Robin


Message History

The spray of energy hits the worker ant.
The worker ant is dazzled.
You feel sick. The worker ant barely misses you. The adder bites you.
* * * LOW HITPOINT WARNING * * *
The worker ant bites you.
* * * LOW HITPOINT WARNING * * *
You are lethally poisoned!
The worker ant poisons you!
Casting: Dazzling Spray
Confirm with . or Enter, or press ? or * to list all spells.
Aiming: Dazzling Spray
Press: ? - help, Shift-Dir - straight line, f - adder, p - worker ant
Aim: an adder The spray of energy misses the adder.
The adder misses you. The worker ant completely misses you.
It was a potion of brilliance.
You feel clever all of a sudden.
* * * LOW HITPOINT WARNING * * *
You feel sick. The adder bites you.
You die...

..######....#
............#
..########### ######
......)(....# #....#
.(...######.# #.##.##
(....# #.#####.#...####
.....# #.......###.##<#
.....#######....a.....##.#
.....'..........@.....'..#
.....######....S......####
.....# #....#'##########
.##'## #....#..........#
.##.# #....##########.#
###.# #....# #<..####.#
##.#### #....# ###.#....#
#.....# ###### #...#.####
######.# ###### #.###.##.#


You could see a worker ant (blind) and an adder.

Vanquished Creatures
  The ghost of khargal the Ruffian, a weakling DrTm (D:3)
  Jessica (D:2)
  Terence (D:3)
  Natasha (thrice) (D:2)
  2 adders
  4 gnolls
  An ooze (D:1)
  2 dart slugs (D:1)
  3 worms
  An orc (D:2)
  6 bats
  4 giant cockroaches
  14 goblins
  12 hobgoblins
  3 jackals
  3 quokkas
  3 ball pythons
  4 frilled lizards
  3 kobolds
  8 rats
79 creatures vanquished.

Notes
Turn   | Place    | Note
-------+----------+-------------------------------------------
     0 | D:1      | Fascinator the Deep Elf Conjurer began the quest for the Orb.
     0 | D:1      | Reached XP level 1. HP: 10/10 MP: 6/6
   228 | D:1      | Reached XP level 2. HP: 15/15 MP: 2/8
   654 | D:1      | Reached XP level 3. HP: 20/20 MP: 6/9
   685 | D:1      | Learned a level 3 spell: Dazzling Spray
  1424 | D:2      | Noticed Jessica
  1439 | D:2      | Killed Jessica
  1439 | D:2      | Reached skill level 5 in Conjurations
  1548 | D:1      | HP: 1/20 [ball python (1)]
  1869 | D:2      | Reached XP level 4. HP: 17/24 MP: 2/11
  2336 | D:2      | Noticed Natasha
  2340 | D:2      | Killed Natasha
  2340 | D:2      | Reached skill level 1 in Fighting
  2843 | D:3      | Noticed Terence
  2854 | D:3      | Killed Terence
  2854 | D:3      | Reached skill level 1 in Hexes
  2854 | D:3      | Reached XP level 5. HP: 28/29 MP: 1/13
  2981 | D:3      | Learned a level 4 spell: Iskenderun's Mystic Blast
  3039 | D:3      | Noticed khargal's ghost (weakling DrTm)
  3365 | D:2      | Noticed Natasha
  3368 | D:2      | Killed Natasha
  3387 | D:2      | Noticed Natasha
  3388 | D:2      | Killed Natasha
  3746 | D:3      | Killed khargal's ghost
  4071 | D:3      | Reached XP level 6. HP: 34/34 MP: 11/14
  4972 | D:4      | Noticed Robin
  5056 | D:3      | HP: 1/34 [poisoned by a worker ant]
  5056 | D:3      | Slain by an adder

Skill      XL: |  1  2  3  4  5  6 |
---------------+-------------------+-----
Stealth        | 3 4 |  4.0
Dodging        | 3 |  3.7
Conjurations   | 5 |  5.8
Fighting       | 1 |  1.6
Spellcasting   | 4 |  4.5
Hexes          | 1 |  1.9

Action                   |  1- 3 |  4- 6 || total
-------------------------+-------+-------++-------
Melee: Unarmed           |    50 |       ||    50
       Club              |     2 |       ||     2
       Dagger            |       |    35 ||    35
 Cast: Magic Dart        |    60 |    77 ||   137
       Dazzling Spray    |     5 |    19 ||    24
       Iskenderun's Myst |       |    12 ||    12
  Use: Potion            |       |     1 ||     1
 Stab: Invisible         |       |     2 ||     2
  Eat: Chunk             |     3 |     7 ||    10
       Ration            |       |     2 ||     2
Armor: Robe              |     4 |     6 ||    10
Dodge: Dodged            |    23 |    79 ||   102
